 Dungeon Crawl Stone Soup version 0.31-a0-233-g139696dc86 (webtiles) character file.

Game seed: 17674261393965039736

170 qw the Shooter (level 5, -7/31 HPs)
             Began as a Gargoyle Hexslinger on July 9, 2023.
             Killed from afar by an orc wizard (8 damage)
             ... with a puff of flame
             ... on level 4 of the Dungeon.
             The game lasted 00:01:13 (2495 turns).

qw the Shooter (Gargoyle Hexslinger)                Turns: 2495, Time: 00:01:13

Health: -7/31      AC: 10    Str: 18    XL:     5   Next: 50%
Magic:  6/6        EV: 11    Int: 13    God:
Gold:   313        SH:  0    Dex: 14    Spells: 5/6 levels left

rFire   . . .        Y - +0 sling (freeze)
rCold   . . .        (no shield)
rNeg    + . .        f - +0 ring mail
rPois   inf          (no helmet)
rElec   +            (no cloak)
rCorr   +            b - +0 pair of gloves
SInv    .            (no boots)
Will    .....        (no amulet)
Stlth   +            g - ring of resist corrosion
HPRegen 0.25/turn    d - +6 ring of strength
MPRegen 0.10/turn

%: no passive effects
@: about to teleport
A: sickness immunity, AC +4, negative energy resistance 1, electricity
resistance, torment resistance 1, petrification resistance
a: no special abilities


You were on level 4 of the Dungeon.
You visited 1 branch of the dungeon, and saw 4 of its levels.

You collected 313 gold pieces.


Innate Abilities, Weirdness & Mutations

You are immune to sickness and miasma.
Your stone body is resilient. (AC +4)
You are immune to poison.
You resist negative energy. (rN+)
You are resistant to electric shocks. (rElec)
You are resistant to unholy torment.
You are immune to petrification.


   Skills:
 + Level 2.4 Fighting
 - Level 5.0 Ranged Weapons
 - Level 1.0 Armour
 - Level 1.5 Dodging
 - Level 1.0 Spellcasting
 - Level 2.6 Hexes


You had 5 spell levels left.
You knew the following spells:

 Your Spells              Type           Power      Damage    Failure   Level
a - Slow                  Hex            28%        N/A       17%         1

Your spell library contained the following spells:

 Spells                   Type           Power      Damage    Failure   Level
 Inner Flame              Hex/Fire       4%         N/A       65%         3
 Portal Projectile        Hex/Tloc       8%         N/A       65%         3
 Cause Fear               Hex            3%         N/A       86%         4

Inventory:

Hand Weapons
 Y - a +0 sling of freezing (weapon)
Armour
 b - a +0 pair of gloves (worn)
 f - a +0 ring mail (worn)
Jewellery
 d - a +6 ring of strength (right hand)
 g - a ring of resist corrosion (left hand)
Scrolls
 a - 3 scrolls of teleportation
 j - a scroll of identify
Potions
 c - a potion of attraction {unknown}
 e - a potion of mutation {unknown}
 h - a potion of heal wounds {unknown}
 i - a potion of haste
 k - a potion of degeneration {unknown}
 l - a potion of ambrosia {unknown}
 m - a potion of curing {unknown}

Dungeon Overview and Level Annotations

Branches:
Dungeon (4/15)
 Temple: D:4-7

Altars:
Kikubaaqudgha


Message History

The orc wizard casts a spell.
The orc wizard flickers and vanishes!
Deactivating autopickup; reactivate with Ctrl-A.
The orc shouts!
You hear a shout!
You hear some strange, mumbled words.
A magic dart appears from out of thin air!
The magic dart hits you.
You feel less confused.
You hear some strange, mumbled words.
Something tries to affect you, but you resist.
2489 ||| FLEEEEING.
You shoot a sling bullet. Something hits you but does no damage.
2490 ||| FLEEEEING.
You shoot a sling bullet. Something hits you but does no damage.
You hear some strange, mumbled words.
A magic dart appears from out of thin air!
The magic dart hits you.
2491 ||| FLEEEEING.
You shoot a sling bullet. Something hits you but does no damage.
You shoot a sling bullet. The orc wizard shouts!
The sling bullet hits the orc but does no damage.
You hear a shout!
Something hits you but does no damage. The orc barely misses you.
You shoot a sling bullet. The sling bullet hits the orc!
The sling bullet freezes the orc.
You kill the orc!
Something hits you but does no damage. x2
You shoot a sling bullet. The sling bullet hits the orc wizard.
The sling bullet freezes the orc wizard.
The orc wizard is heavily wounded.
The orc wizard gestures at you while chanting.
The puff of flame hits you! Something hits you but does no damage.
2495 ||| READING 4 scrolls of teleportation.
As you read the scroll of teleportation, it crumbles to dust.
You feel strangely unstable. Something hits you but does no damage.
The orc wizard gestures at you while chanting.
The puff of flame hits you!
You die...

##..#..............#
...##.....?.......##
...##.............##
...##..............###
#.##.................## ######
.....(.....#......#...# #.#..#
##.........#.>.#.##..##
###....#
##...##.>..#o.#{.##.|#
#.....##
.#...#......o...@....##
###...#
.)%.###........)#.....###
#..##
).)..#.........##.......#
#...### ##.#...........
#.....#####.....#
####..........#
#...............# .#
##)......######..............#
## ##.....##
##.#............### #######
#...............#
####...............#


You could see an orc wizard and an orc.

Vanquished Creatures
  An orc priest (D:4)
  4 adders
  An ufetubus (D:4)
  A worm (D:2)
  9 orcs (D:4)
  2 bats (D:2)
  5 endoplasms
  2 giant cockroaches (D:2)
  26 goblins
  7 hobgoblins
  4 quokkas
  8 ball pythons
  A frilled lizard (D:3)
  3 kobolds
  5 rats
79 creatures vanquished.

Notes
Turn   | Place    | Note
-------+----------+-------------------------------------------
     0 | D:1      | qw the Gargoyle Hexslinger began the quest for the Orb.
     0 | D:1      | Reached XP level 1. HP: 12/12 MP: 2/2
     0 | D:1      | 0 ||| qw: Version: 0.3-a-51-g015441d
     0 | D:1      | 0 ||| qw: Game counter: 3938
     0 | D:1      | 0 ||| qw: Melee chars always use a shield: true
     0 | D:1      | 0 ||| qw: God list: Okawaru
     0 | D:1      | 0 ||| qw: Allow faded altars: false
     0 | D:1      | 0 ||| qw: Do Orc after clearing Dungeon:15 true
     0 | D:1      | 0 ||| qw: Do second Lair branch before Depths: true
     0 | D:1      | 0 ||| qw: Lair rune preference: random
     0 | D:1      | 0 ||| qw: Goals: Normal
     0 | D:1      | 0 ||| PLANNING D:1-11
   106 | D:1      | Reached XP level 2. HP: 16/16 MP: 3/3
   157 | D:1      | Found a faded altar of an unknown god.
   159 | D:1      | Reached skill level 3 in Ranged Weapons
   545 | D:1      | 545 ||| UPGRADING to ring of resist corrosion.
   546 | D:1      | 546 ||| READING 5 scrolls labelled GEASTU HOH GUS.
   551 | D:1      | 551 ||| READING scroll labelled LITYAH WIQEJ.
   552 | D:1      | 552 ||| READING scroll labelled KUWKOZATRAT.
   553 | D:1      | 553 ||| DROPPING scroll of poison.
   588 | D:2      | Reached XP level 3. HP: 17/22 MP: 4/4
   626 | D:2      | Identified the +3 trident of Sonest {antimagic, Fragile
                  | rF++}
   820 | D:2      | Found an ancient bone altar of Kikubaaqudgha.
   917 | D:2      | Reached XP level 4. HP: 27/27 MP: 5/5
  1212 | D:2      | 1212 ||| UPGRADING to +0 ring mail.
  1222 | D:2      | 1222 ||| DROPPING +0 robe.
  1223 | D:2      | 1223 ||| READING scroll labelled VEUDAJ YLOSU.
  1224 | D:2      | 1224 ||| READING scroll labelled XASEOCATYR.
  1225 | D:2      | 1225 ||| DRINKING 2 inky potions.
  1284 | D:3      | Reached skill level 4 in Ranged Weapons
  1502 | D:3      | 1502 ||| FLEEEEING.
  1503 | D:3      | 1503 ||| FLEEEEING.
  1504 | D:3      | 1504 ||| FLEEEEING.
  1505 | D:3      | 1505 ||| FLEEEEING.
  1522 | D:3      | 1522 ||| SWAPPING to +0 sling of freezing.
  1523 | D:3      | 1523 ||| DROPPING +2 sling.
  1805 | D:3      | 1805 ||| UPGRADING to +0 pair of gloves.
  1810 | D:3      | 1810 ||| UPGRADING to +6 ring of strength.
  1811 | D:3      | 1811 ||| READING scroll labelled MIYTTE XEHEMPE.
  1880 | D:4      | Reached skill level 1 in Armour
  1898 | D:4      | HP: 6/27 [something/puff of flame (9)]
  1899 | D:4      | 1899 ||| READING 6 scrolls of teleportation.
  1901 | D:4      | HP: 2/27 [orc/+0 whip (2)]
  1906 | D:4      | 1906 ||| READING 5 scrolls of teleportation.
  2194 | D:4      | Reached XP level 5. HP: 20/31 MP: 6/6
  2367 | D:4      | Reached skill level 5 in Ranged Weapons
  2489 | D:4      | 2489 ||| FLEEEEING.
  2490 | D:4      | 2490 ||| FLEEEEING.
  2491 | D:4      | 2491 ||| FLEEEEING.
  2494 | D:4      | HP: 1/31 [orc wizard/puff of flame (11)]
  2495 | D:4      | 2495 ||| READING 4 scrolls of teleportation.
  2495 | D:4      | Killed from afar by an orc wizard

Levels and vault maps discovered:
D:1:      minmay_arrival_cross, layout_rooms, ebering_ecumenical_altar_box,
          minmay_pentomino_t2
D:2:      cheibrodos_greedy_goblins, layout_basic, basic_altar,
          chequers_serial_rivers_micro_b
D:3:      layout_rooms, serial_rivers, chequers_serial_rivers_small_a,
          chequers_serial_rivers_micro_c, chequers_serial_rivers_micro_a,
          chequers_serial_rivers_room_b, chequers_serial_rivers_marsh
D:4:      minmay_clustersquares, layout_cave_pools

Skill      XL: |  1  2  3  4  5 |
---------------+----------------+-----
Ranged Weapons | 3 4 5 |  5.0
Fighting       | 2 |  2.4
Armour         | 1 |  1.0
Dodging        | |  1.5
Spellcasting   | |  1.0
Hexes          | |  2.6

Action                     |  1- 3 |  4- 6 || total
---------------------------+-------+-------++-------
   Fire: Sling             |    93 |   214 ||   307
    Use: Scroll            |     3 |     6 ||     9
         Potion            |       |     1 ||     1
 Armour: Robe              |    11 |    11 ||    22
         Ring mail         |       |   109 ||   109
  Dodge: Dodged            |     9 |   124 ||   133

Table legend:
 A = Non-vault XP
 B = Vault XP
 C = Vault XP percentage of total XP
 D = Non-vault monster count
 E = Vault monster count
 F = Vault count percentage of total count
                 A         B        C        D         E       F
            +---------+---------+-------+---------+---------+-------
      Total |     220 |      23 |   9.5 |      67 |      12 |  15.2
            +---------+---------+-------+---------+---------+-------
        D:1 |      27 |       4 |  12.9 |      16 |       2 |  11.1
        D:2 |      55 |      19 |  25.7 |      16 |      10 |  38.5
        D:3 |      18 |       0 |   0.0 |      13 |       0 |   0.0
        D:4 |     120 |       0 |   0.0 |      22 |       0 |   0.0
            +---------+---------+-------+---------+---------+-------
